3L
CHARLESTON BATTERY @ HOUSTON 1837 BBC
08/11/2034
 
TOP OF THE 1ST
Charleston Battery batting - Pitching for Houston 1837 BBC : LHP Alexis Zambaco
Pitching: LHP Alexis Zambaco
Batting: LHB Joey Coco 0-0: Ball
1-0: Ground out U3 (Groundball, 34S)
Batting: RHB Mike Case 0-0: Ball
1-0: Swinging Strike
1-1: SINGLE (Groundball, 6MD)
Batting: SHB Jasper Morrison 0-0: Ball
1-0: Ball
2-0: Grounds into double play, 4-6-3 (Groundball, 4)
Top of the 1st over - 0 runs, 1 hit, 0 errors, 0 left on base; Charleston 0 - Houston 0
BOTTOM OF THE 1ST
Houston 1837 BBC batting - Pitching for Charleston Battery : RHP Miguel Angel Martínez
Pitching: RHP Miguel Angel Martínez
Batting: LHB Scott Kerin 0-0: Ground out 6-3 (Groundball, 6M)
Batting: RHB Joey Trifone 0-0: Ball
1-0: Fly out, F9 (Flyball, 89S)
Batting: RHB Jon Osterman 0-0: Ball
1-0: Ball
2-0: Ground out 5-3 (Groundball, 56S)
Bottom of the 1st over - 0 runs, 0 hits, 0 errors, 0 left on base; Charleston 0 - Houston 0
TOP OF THE 2ND
Charleston Battery batting - Pitching for Houston 1837 BBC : LHP Alexis Zambaco
Batting: LHB Spencer Powell 0-0: Ball
1-0: Ball
2-0: SINGLE (Groundball, 34D)
Batting: RHB Fernando Rivera 0-0: Called Strike
0-1: Ball
1-1: Called Strike
1-2: Fly out, F8 (Flyball, 8LXD)
Batting: SHB Aurelio Jiménez 0-0: Grounds into double play, 5-4-3 (Groundball, 56)
Top of the 2nd over - 0 runs, 1 hit, 0 errors, 0 left on base; Charleston 0 - Houston 0
BOTTOM OF THE 2ND
Houston 1837 BBC batting - Pitching for Charleston Battery : RHP Miguel Angel Martínez
Batting: LHB Kai-ge Choe 0-0: Foul Ball, location: 2F
0-1: Fly out, F8 (Flyball, 89XD)
Batting: RHB Komotay Koffie 0-0: Ball
1-0: Ground out U3 (Groundball, 3S)
Batting: LHB Mike Houston 0-0: Ball
1-0: Ball
2-0: Called Strike
2-1: Called Strike
2-2: Ground out U3 (Groundball, 3L)
Bottom of the 2nd over - 0 runs, 0 hits, 0 errors, 0 left on base; Charleston 0 - Houston 0
TOP OF THE 3RD
Charleston Battery batting - Pitching for Houston 1837 BBC : LHP Alexis Zambaco
Batting: LHB Datu Lesaca 0-0: Called Strike
0-1: Called Strike
0-2: Ball
1-2: Strikes out looking
Batting: RHB Jesús Ruano 0-0: Called Strike
0-1: Ground out U3 (Groundball, 3)
Batting: RHB Luis Ríos 0-0: Called Strike
0-1: Ball
1-1: Called Strike
1-2: Ground out 5-3 (Groundball, 56)
Top of the 3rd over - 0 runs, 0 hits, 0 errors, 0 left on base; Charleston 0 - Houston 0
BOTTOM OF THE 3RD
Houston 1837 BBC batting - Pitching for Charleston Battery : RHP Miguel Angel Martínez
Batting: RHB Juan Chávez 0-0: Called Strike
0-1: Foul Ball, location: 2F
0-2: Ball
1-2: Foul Ball, location: 2F
1-2: Ball
2-2: Ball
3-2: Ground out U3 (Groundball, 34S)
Batting: LHB Owen Sharts 0-0: Ball
1-0: Foul Ball, location: 2F
1-1: Ball
2-1: Ball
3-1: Called Strike
3-2: Strikes out swinging
Batting: LHB Mike Goff 0-0: Swinging Strike
0-1: Foul Ball, location: 2F
0-2: Strikes out swinging, 2-3 out at first.
Bottom of the 3rd over - 0 runs, 0 hits, 0 errors, 0 left on base; Charleston 0 - Houston 0
TOP OF THE 4TH
Charleston Battery batting - Pitching for Houston 1837 BBC : LHP Alexis Zambaco
Batting: LHB Joey Coco 0-0: SINGLE (Line Drive, 34D)
Batting: RHB Mike Case 0-0: Called Strike
0-1: Foul Ball, location: 2F
0-2: Ball
1-2: Ball
2-2: SINGLE (Groundball, 56D)
Joey Coco to second
Runner from 2nd tries for 3rd, SAFE, no throw
Batting: SHB Jasper Morrison 0-0: Ball
1-0: Swinging Strike
1-1: Ball
2-1: Swinging Strike
2-2: Foul Ball, location: 2F
2-2: Strikes out swinging
Batting: LHB Spencer Powell 0-0: Ball
1-0: Called Strike
1-1: Foul Ball, location: 2F
1-2: Ball
2-2: Strikes out looking
Mike Case steals 2nd base
Batter strikes out.
Batting: RHB Fernando Rivera 0-0: Ball
1-0: Swinging Strike
1-1: Ball
2-1: Ball
3-1: Ground out 6-3 (Groundball, 6)
Top of the 4th over - 0 runs, 2 hits, 0 errors, 2 left on base; Charleston 0 - Houston 0
BOTTOM OF THE 4TH
Houston 1837 BBC batting - Pitching for Charleston Battery : RHP Miguel Angel Martínez
Batting: LHB Scott Kerin 0-0: Foul Ball, location: 2F
0-1: Fly out, F8 (Line Drive, 8LM)
Batting: RHB Joey Trifone 0-0: Ball
1-0: Swinging Strike
1-1: Ball
2-1: Ground out 6-3 (Groundball, 6)
Batting: RHB Jon Osterman 0-0: Fly out, F6 (Popup, 6MS)
Bottom of the 4th over - 0 runs, 0 hits, 0 errors, 0 left on base; Charleston 0 - Houston 0
TOP OF THE 5TH
Charleston Battery batting - Pitching for Houston 1837 BBC : LHP Alexis Zambaco
Batting: SHB Aurelio Jiménez 0-0: Ball
1-0: Called Strike
1-1: Ball
2-1: Foul Ball, location: 2F
2-2: SINGLE (Groundball, 6D)
Batting: LHB Datu Lesaca 0-0: Called Strike
0-1: Ball
1-1: Swinging Strike
1-2: Foul Ball, location: 2F
1-2: Strikes out looking
Batting: RHB Jesús Ruano 0-0: Ball
1-0: Ball
2-0: Swinging Strike
2-1: Foul Ball, location: 2F
2-2: Strikes out looking
Batting: RHB Luis Ríos 0-0: Ball
1-0: Fielders Choice at 2nd, 6-4 (Groundball, 6)
Top of the 5th over - 0 runs, 1 hit, 0 errors, 1 left on base; Charleston 0 - Houston 0
BOTTOM OF THE 5TH
Houston 1837 BBC batting - Pitching for Charleston Battery : RHP Miguel Angel Martínez
Batting: LHB Kai-ge Choe 0-0: Ball
1-0: Swinging Strike
1-1: Swinging Strike
1-2: Foul Ball, location: 2F
1-2: Ball
2-2: Ball
3-2: Base on Balls
Batting: RHB Komotay Koffie 0-0: Ball
Kai-ge Choe is caught stealing 2nd base
1-0: Ground out 6-3 (Groundball, 56)
Batting: LHB Mike Houston 0-0: Ground out 5-3 (Groundball, 56)
Bottom of the 5th over - 0 runs, 0 hits, 0 errors, 0 left on base; Charleston 0 - Houston 0
TOP OF THE 6TH
Charleston Battery batting - Pitching for Houston 1837 BBC : LHP Alexis Zambaco
Batting: LHB Joey Coco 0-0: Ground out 2-3 (Groundball, 2L)
Batting: RHB Mike Case 0-0: Called Strike
0-1: Bunted foul
0-2: Foul Ball, location: 2F
0-2: Strikes out swinging
Batting: SHB Jasper Morrison 0-0: Ground out 6-3 (Groundball, 6)
Top of the 6th over - 0 runs, 0 hits, 0 errors, 0 left on base; Charleston 0 - Houston 0
BOTTOM OF THE 6TH
Houston 1837 BBC batting - Pitching for Charleston Battery : RHP Miguel Angel Martínez
Batting: RHB Juan Chávez 0-0: Called Strike
0-1: Foul Ball, location: 2F
0-2: Strikes out swinging
Batting: LHB Owen Sharts 0-0: Ball
1-0: Ball
2-0: Ball
3-0: Called Strike
3-1: SINGLE (Flyball, 9LS)
Batting: LHB Mike Goff 0-0: Ball
1-0: Ball
Owen Sharts steals 2nd base
2-0: SINGLE (Groundball, 6MD)
Owen Sharts to third
Runner from 3rd tries for Home, SAFE, no throw
Batting: LHB Scott Kerin 0-0: Called Strike
0-1: Ball
1-1: Called Strike
1-2: Ball
2-2: Foul Ball, location: 2F
2-2: Foul Ball, location: 2F
2-2: Foul Ball, location: 2F
2-2: Foul Ball, location: 2F
2-2: Ball
3-2: SINGLE (Line Drive, 56)
Mike Goff to second
Batting: RHB Joey Trifone 0-0: Ball
1-0: Fly out, F6 (Popup, 6)
Batting: RHB Jon Osterman 0-0: Ball
1-0: Foul Ball, location: 2F
1-1: Foul Ball, location: 2F
1-2: Ball
2-2: Foul Ball, location: 2F
2-2: Ground out 6-3 (Groundball, 56)
Bottom of the 6th over - 1 run, 3 hits, 0 errors, 2 left on base; Charleston 0 - Houston 1
TOP OF THE 7TH
Charleston Battery batting - Pitching for Houston 1837 BBC : LHP Alexis Zambaco
Batting: LHB Spencer Powell 0-0: Called Strike
0-1: Ball
1-1: Ground out 5-3 (Groundball, 56)
Batting: RHB Fernando Rivera 0-0: Ball
1-0: Called Strike
1-1: SOLO HOME RUN (Flyball, 7D), Distance : 408 ft
Batting: SHB Aurelio Jiménez 0-0: Ball
1-0: Ball
2-0: Swinging Strike
2-1: Ground out 5-3 (Groundball, 56)
Batting: LHB Datu Lesaca 0-0: Swinging Strike
0-1: Foul Ball, location: 2F
0-2: Foul Ball, location: 2F
0-2: Ball
1-2: Strikes out looking
Top of the 7th over - 1 run, 1 hit, 0 errors, 0 left on base; Charleston 1 - Houston 1
BOTTOM OF THE 7TH
Houston 1837 BBC batting - Pitching for Charleston Battery : RHP Miguel Angel Martínez
Batting: LHB Kai-ge Choe 0-0: Ball
1-0: Ground out 4-3 (Groundball, 4)
Batting: RHB Komotay Koffie 0-0: Called Strike
0-1: Ball
1-1: Foul Ball, location: 2F
1-2: Foul Ball, location: 2F
1-2: Strikes out looking
Batting: LHB Mike Houston 0-0: Called Strike
0-1: Ball
1-1: Foul Ball, location: 2F
1-2: Ball
2-2: Fly out, F8 (Flyball, 8LD)
Bottom of the 7th over - 0 runs, 0 hits, 0 errors, 0 left on base; Charleston 1 - Houston 1
TOP OF THE 8TH
Charleston Battery batting - Pitching for Houston 1837 BBC : LHP Alexis Zambaco
Batting: RHB Jesús Ruano 0-0: Ball
1-0: Ball
2-0: Called Strike
2-1: Foul Ball, location: 2F
2-2: Ball
3-2: Foul Ball, location: 2F
3-2: Ground out 4-3 (Groundball, 4M)
Pitching: RHP José Ledezma
Batting: RHB Luis Ríos 0-0: Ball
1-0: Foul Ball, location: 2F
1-1: Ball
2-1: Called Strike
2-2: Ball
3-2: Base on Balls
Batting: LHB Joey Coco 0-0: Ball
1-0: Fielders Choice at 2nd, 1-6 (Groundball, 13)
Batting: RHB Mike Case 0-0: Ball
1-0: SINGLE (Groundball, 56S) (infield hit)
Joey Coco to second
Batting: SHB Jasper Morrison 0-0: Foul Ball, location: 2F
0-1: Swinging Strike
0-2: Ball
1-2: Ball
2-2: Fly out, F8 (Flyball, 8RD)
Top of the 8th over - 0 runs, 1 hit, 0 errors, 2 left on base; Charleston 1 - Houston 1
BOTTOM OF THE 8TH
Houston 1837 BBC batting - Pitching for Charleston Battery : RHP Miguel Angel Martínez
Batting: RHB Juan Chávez 0-0: SINGLE (Groundball, 56D)
Pitching: RHP Hiroaki Kouda
Batting: LHB Owen Sharts 0-0: Bunted foul
0-1: Bunt - Flyout - DP at third! 5-3
Batting: LHB Mike Goff 0-0: Ball
1-0: Fly out, F3 (Popup, 34)
Bottom of the 8th over - 0 runs, 1 hit, 0 errors, 0 left on base; Charleston 1 - Houston 1
TOP OF THE 9TH
Charleston Battery batting - Pitching for Houston 1837 BBC : RHP José Ledezma
Pitching: LHP Dorian Daly
Batting: LHB Spencer Powell 0-0: Ball
1-0: Called Strike
1-1: Swinging Strike
1-2: Strikes out looking
Batting: RHB Fernando Rivera 0-0: Ball
1-0: Ground out 6-3 (Groundball, 6)
Batting: SHB Aurelio Jiménez 0-0: Ball
1-0: Ball
2-0: Ground out 1-3 (Groundball, 13S)
Top of the 9th over - 0 runs, 0 hits, 0 errors, 0 left on base; Charleston 1 - Houston 1
BOTTOM OF THE 9TH
Houston 1837 BBC batting - Pitching for Charleston Battery : RHP Hiroaki Kouda
Batting: LHB Scott Kerin 0-0: Ball
1-0: Fly out, F8 (Flyball, 8RD)
Batting: RHB Joey Trifone 0-0: Ball
1-0: Ball
2-0: Called Strike
2-1: Called Strike
2-2: Foul Ball, location: 2F
2-2: Fly out, F6 (Line Drive, 6)
Batting: RHB Jon Osterman 0-0: Foul Ball, location: 2F
0-1: Fly out, F5 (Popup, 5SF)
Bottom of the 9th over - 0 runs, 0 hits, 0 errors, 0 left on base; Charleston 1 - Houston 1
TOP OF THE 10TH
Charleston Battery batting - Pitching for Houston 1837 BBC : LHP Dorian Daly
Batting: LHB Datu Lesaca 0-0: Ball
1-0: Swinging Strike
1-1: Swinging Strike
1-2: Foul Ball, location: 2F
1-2: Foul Ball, location: 2F
1-2: Strikes out swinging
Batting: RHB Jesús Ruano 0-0: Foul Ball, location: 2F
0-1: Ball
1-1: Swinging Strike
1-2: Ball
2-2: Strikes out swinging
Batting: RHB Luis Ríos 0-0: Called Strike
0-1: Ball
1-1: Ball
2-1: SINGLE (Groundball, 4MS) (infield hit)
Batting: LHB Joey Coco 0-0: Called Strike
0-1: Ball
1-1: Ball
2-1: Reached on error, E6 (Groundball, 56)
Luis Ríos to second
Batting: RHB Mike Case 0-0: Called Strike
0-1: Ground out U3 (Groundball, 3)
Top of the 10th over - 0 runs, 1 hit, 1 error, 2 left on base; Charleston 1 - Houston 1
BOTTOM OF THE 10TH
Houston 1837 BBC batting - Pitching for Charleston Battery : RHP Hiroaki Kouda
Pitching: LHP Rafael Rivera
Batting: LHB Kai-ge Choe 0-0: Foul Ball, location: 2F
0-1: Ball
1-1: Ball
2-1: Fly out, F7 (Line Drive, 7)
Pitching: RHP Jon King
Batting: RHB Komotay Koffie 0-0: Ground out 6-3 (Groundball, 6)
Batting: LHB Mike Houston 0-0: Ball
1-0: Called Strike
1-1: Ground out 5-3 (Groundball, 5)
Bottom of the 10th over - 0 runs, 0 hits, 0 errors, 0 left on base; Charleston 1 - Houston 1
TOP OF THE 11TH
Charleston Battery batting - Pitching for Houston 1837 BBC : LHP Dorian Daly
Pitching: RHP Martín Valverde
Batting: SHB Jasper Morrison 0-0: Foul Ball, location: 2F
0-1: Ball
1-1: Ball
2-1: Foul Ball, location: 2F
2-2: SINGLE (Line Drive, 6)
Batting: LHB Spencer Powell 0-0: Ball
1-0: Called Strike
Jasper Morrison is caught stealing 2nd base
1-1: DOUBLE (Groundball, 3L)
Pinch Hitting: LHB Vicente Gonzáles 0-0: Intentional Walk
Pinch Runner at 2nd Loren Stallings:
Pinch Hitting: SHB Tony Manzanares 0-0: Ground out 6-3 (Groundball, 6S)
Loren Stallings to third
Vicente Gonzáles to second
Batting: LHB Datu Lesaca 0-0: Called Strike
0-1: Foul Ball, location: 2F
0-2: Ball
1-2: Foul Ball, location: 2F
1-2: Foul Ball, location: 2F
1-2: Ball
2-2: Foul Ball, location: 2F
2-2: Ball
3-2: Ground out U3 (Groundball, 34S)
Top of the 11th over - 0 runs, 2 hits, 0 errors, 2 left on base; Charleston 1 - Houston 1
BOTTOM OF THE 11TH
Houston 1837 BBC batting - Pitching for Charleston Battery : RHP Jon King
Now at C: Tony Manzanares
Now at 1B: Vicente Gonzáles
Now in LF: Loren Stallings
Batting: RHB Juan Chávez 0-0: Ball
1-0: Called Strike
1-1: Called Strike
1-2: Ball
2-2: SINGLE (Groundball, 56D)
Pinch Runner at 1st Seung-soo Ch'ae:
Batting: LHB Owen Sharts 0-0: Foul Ball, location: 2F
0-1: Swinging Strike
0-2: Fly out, F8 (Line Drive, 78M)
Batting: LHB Mike Goff 0-0: Ball
1-0: Ball
2-0: Called Strike
2-1: Ball
3-1: Foul Ball, location: 2F
3-2: Foul Ball, location: 2F
3-2: Foul Ball, location: 2F
3-2: Strikes out swinging
Seung-soo Ch'ae is caught stealing 2nd base
Batter strikes out.
Bottom of the 11th over - 0 runs, 1 hit, 0 errors, 0 left on base; Charleston 1 - Houston 1
TOP OF THE 12TH
Charleston Battery batting - Pitching for Houston 1837 BBC : RHP Martín Valverde
Pitching: RHP Pedro Valdéz
Now in CF: Eugene Bennett
Batting: RHB Jesús Ruano 0-0: Ground out 6-3 (Groundball, 6)
Batting: RHB Luis Ríos 0-0: Ball
1-0: Called Strike
1-1: Ball
2-1: Called Strike
2-2: DOUBLE (Flyball, 9LD)
Batting: LHB Joey Coco 0-0: Intentional Walk
Batting: RHB Mike Case 0-0: Ball
1-0: Ball
2-0: Foul Ball, location: 2F
2-1: Ground out 5-3 (Groundball, 56S)
Luis Ríos to third
Joey Coco to second
Batting: SHB Jasper Morrison 0-0: Ball
1-0: Ball
2-0: Ball
3-0: Base on Balls
Batting: RHB Loren Stallings 0-0: Called Strike
0-1: Ball
1-1: Ball
2-1: Foul Ball, location: 2F
2-2: SINGLE (Groundball, 5D)
Luis Ríos scores
Joey Coco to third
Jasper Morrison to second
Runner from 3rd tries for Home, SAFE, no throw
Batting: LHB Vicente Gonzáles 0-0: Ball
1-0: Ball
2-0: Swinging Strike
2-1: Swinging Strike
2-2: Foul Ball, location: 2F
2-2: Strikes out swinging
Top of the 12th over - 2 runs, 2 hits, 0 errors, 2 left on base; Charleston 3 - Houston 1
BOTTOM OF THE 12TH
Houston 1837 BBC batting - Pitching for Charleston Battery : RHP Jon King
Batting: LHB Scott Kerin 0-0: Ball
1-0: Ball
2-0: Foul Ball, location: 2F
2-1: Foul Ball, location: 2F
2-2: Ground out 5-3 (Groundball, 56S)
Pitching: RHP Tsugahara Hori
Batting: RHB Joey Trifone 0-0: Called Strike
0-1: Foul Ball, location: 2F
0-2: Strikes out swinging
Batting: RHB Jon Osterman 0-0: Ball
1-0: Swinging Strike
1-1: Ball
2-1: Foul Ball, location: 2F
2-2: Foul Ball, location: 2F
2-2: Ball
3-2: Strikes out swinging
Bottom of the 12th over - 0 runs, 0 hits, 0 errors, 0 left on base; Charleston 3 - Houston 1
Friday, March 29th, 2019 - OOTP Baseball 18.8 Build 76